 Seeded DCSS version 0.29-a0-362-g5854e031c7 (webtiles) character file.

Game seed: 9708579739092153053 (custom seed)

24 zeratav the Shooter (level 3, 0/21 HPs)
             Began as a Tengu Hunter on Apr 29, 2022.
             Slain by a gnoll
             ... wielding a +1 vorpal flail
              (1 damage)
             ... on level 2 of the Dungeon.
             The game lasted 00:02:14 (650 turns).

zeratav the Shooter (Tengu Hunter)                   Turns: 650, Time: 00:02:15

Health: 0/21       AC:  3    Str: 11    XL:     3   Next: 2%
Magic:  4/4        EV: 12    Int:  9    God:
Gold:   39         SH:  0    Dex: 19    Spells: 2/2 levels left

rFire   + . .      SeeInvis .   a - +1 shortbow {bow}
rCold   + + .      Faith    .   (shield currently unavailable)
rNeg    . . .      Spirit   .   b - +0 leather armour
rPois   .          Reflect  .   (helmet restricted)
rElec   .          Harm     .   (no cloak)
rCorr   .          Rampage  .   (no gloves)
Will    +....                   (boots unavailable)
Stlth   ++........              (no amulet)
HPRegen 0.07/turn               k - ring "Notiagg" {rF+ rC++ Will+}
MPRegen 0.09/turn               (no ring)

@: studying Fighting
A: beak, talons 3
a: no special abilities


You were on level 2 of the Dungeon.
You visited 1 branch of the dungeon, and saw 2 of its levels.

You collected 39 gold pieces.


Innate Abilities, Weirdness & Mutations

You have a beak for a mouth.
You have claws for feet.


   Skills:
 - Level 2.0 Fighting
 - Level 5.3 Bows
 + Level 0.1 Crossbows
 - Level 2.1 Dodging
 - Level 1.0 Stealth


You had 2 spell levels left.
You didn't know any spells.
Your spell library was empty.

Inventory:

Hand Weapons
 a - a +1 shortbow (weapon) {bow}
 l - a +4 triple crossbow of flaming {crossbow}
   (You acquired it on level 1 of the Dungeon)
Armour
 b - a +0 leather armour (worn)
 g - a +0 robe
   (You found it on level 1 of the Dungeon)
 h - a +0 robe
   (You found it on level 1 of the Dungeon)
 j - a +0 leather armour
   (You found it on level 1 of the Dungeon)
Jewellery
 k - the ring "Notiagg" (left hand) {rF+ rC++ Will+}
   (You acquired it on level 1 of the Dungeon)

   [ring of willpower]

   rF:        It protects you from fire.
   rC:        It greatly protects you from cold.
   Will:      It increases your willpower.
Scrolls
 c - a scroll of immolation {!r!r}
 d - 2 scrolls of magic mapping {unknown}
 e - a scroll of blinking {unknown}
 f - a scroll of silence {unknown}
 i - a scroll of vulnerability {unknown}

Dungeon Overview and Level Annotations

Branches:
Dungeon (2/15)

Altars:

... .. ##..
...##
##...##
..).. #K.#
#@#
#....g.....#
#<##........
.. #..#.....
#. ...#.....
.. ...# ...#
. ...# ...
#.... .##


You could see a gnoll and a kobold.


Message History

You now have 21 max hp (+4).
Your hp is fully restored (21).
Your mp is fully restored (4).
You see here a hobgoblin corpse.
j - a +0 leather armour
k - 3 scrolls labelled LUSSIE MEAFOFE
Found a stone staircase leading down.
There is a stone staircase leading down here.
You open the door.
There is an open door here.
There is an open door here.
There is an open door here.
There is an open door here.
There is an open door here.
There is a stone staircase leading down here.
There is an open door here.
Done exploring.
This is a scroll of acquirement!
Something appears before you!
l - a +4 triple crossbow of flaming {crossbow} You see here a manual of Fighting.
Something appears before you!
You pick up a manual of Fighting {!d} and begin studying.
Something appears before you!
k - the ring "Notiagg" {rF+ rC++ Will+}
Okay, then.
There's nothing to open nearby.
k - the ring "Notiagg" (left hand) {rF+ rC++ Will+} Unknown command.
Done exploring.
Done exploring.
(D) Dungeon
Where to? (Enter - D:1 @ (x,y), ? - help)
There is an open door here.
There is a stone staircase leading down here.
You climb downwards.
Found a stone staircase leading up.
There is a stone staircase leading up here.
A kobold is nearby!
You shoot an arrow. The arrow hits the kobold.
The kobold shouts!
You hear a shout!
A gnoll comes into view. It is wielding a +1 vorpal flail.
You shoot an arrow. The gnoll shouts!
The arrow hits the kobold.
You kill the kobold!
You hear a shout!
You shoot an arrow. The arrow barely misses the gnoll.
A kobold comes into view. It is wielding a +0 club.
You shoot an arrow. The arrow closely misses the kobold.
The kobold throws a stone.
The stone hits you.
You shoot an arrow. The arrow hits the gnoll.
You shoot an arrow. The arrow barely misses the gnoll.
You shoot an arrow. The arrow barely misses the gnoll.
The kobold hits you with a +0 club.
The gnoll hits you with a +1 vorpal flail.
* * * LOW HITPOINT WARNING * * *
The kobold closely misses you.
The gnoll hits you with a +1 vorpal flail.
* * * LOW HITPOINT WARNING * * *
x2 You are too injured to fight recklessly!
You are too injured to fight recklessly!
You are too injured to fight recklessly!
You are too injured to fight recklessly!
You are too injured to fight recklessly!
You are too injured to fight recklessly!
You are too injured to fight recklessly!
You are too injured to fight recklessly!
You are too injured to fight recklessly!
You are too injured to fight recklessly!
HP[-17]
You take 17 damage, and now have 4/21 hp.
MASSIVE DAMAGE!! (PAUSE)
You are too injured to fight recklessly!
You are too injured to fight recklessly!
You are too injured to fight recklessly!
You are too injured to fight recklessly!
You are too injured to fight recklessly!
You are too injured to fight recklessly!
You are too injured to fight recklessly!
You are too injured to fight recklessly!
You are too injured to fight recklessly!
You are too injured to fight recklessly!
You are too injured to fight recklessly!
You are too injured to fight recklessly!
You are too injured to fight recklessly!
You are too injured to fight recklessly!
You are too injured to fight recklessly!
You are too injured to fight recklessly!
You are too injured to fight recklessly!
You are too injured to fight recklessly!
You are too injured to fight recklessly!
You are too injured to fight recklessly!
You are too injured to fight recklessly!
Shoot: a) +1 shortbow {bow}
Press: ? - help, Q - select action Shift-Dir - straight line, f/p - gnoll
Aim: a gnoll, wielding a +1 vorpal flail (moderately wounded, 69% to hit)
You shoot an arrow. The arrow hits the gnoll!
The kobold misses you.
The gnoll hits you with a +1 vorpal flail.
* * * LOW HITPOINT WARNING * * *
You die...

Skill      XL: |  1  2 |
---------------+-------+-----
Bows           | 5 |  5.3
Fighting       | |  2.0
Crossbows      | |  0.1
Dodging        | |  2.1
Stealth        | |  1.0

Action                   || total
-------------------------++-------
 Fire: Shortbow          ||    41
  Use: Scroll            ||     3
Armor: Leather armour    ||     3
Dodge: Dodged            ||     6

Levels and vault maps discovered:
D:1:      mrwooster_arrival_arrow, layout_basic
D:2:      layout_basic, basic_altar, minmay_fractal_squares_gapless_5

Notes
Turn   | Place    | Note
-------+----------+-------------------------------------------
     0 | D:1      | zeratav the Tengu Hunter began the quest for the Orb.
     0 | D:1      | Reached XP level 1. HP: 12/12 MP: 2/2
     0 | D:1      | magus.rc [v1.9.6]
   212 | D:1      | Reached XP level 2. HP: 17/17 MP: 3/3
   222 | D:1      | Reached skill level 5 in Bows
   437 | D:1      | Reached XP level 3. HP: 21/21 MP: 4/4
   618 | D:1      | Identified 3 scrolls of acquirement
   618 | D:1      | Acquired a +4 triple crossbow of flaming
   620 | D:1      | Acquired a manual of Fighting
   622 | D:1      | Acquired the ring "Notiagg" {rF+ rC++ Will+}
   649 | D:2      | HP: 4/21 [gnoll/+1 vorpal flail (2)]
   650 | D:2      | HP: 1/21 [gnoll/+1 vorpal flail (3)]
   650 | D:2      | Slain by a gnoll

Vanquished Creatures
  2 dart slugs (D:1)
  A ball python (D:1)
  An endoplasm (D:1)
  A giant cockroach (D:1)
  2 goblins (D:1)
  3 hobgoblins (D:1)
  2 quokkas (D:1)
  2 bats (D:1)
  3 kobolds
  2 rats (D:1)
19 creatures vanquished.

Table legend:
 A = Non-vault XP
 B = Vault XP
 C = Vault XP percentage of total XP
 D = Non-vault monster count
 E = Vault monster count
 F = Vault count percentage of total count
                 A         B        C        D         E       F
            +---------+---------+-------+---------+---------+-------
      Total |      35 |       0 |   0.0 |      19 |       0 |   0.0
            +---------+---------+-------+---------+---------+-------
        D:1 |      34 |       0 |   0.0 |      18 |       0 |   0.0
        D:2 |       1 |       0 |   0.0 |       1 |       0 |   0.0
            +---------+---------+-------+---------+---------+-------

Illustrated notes

Table legend:
 A = Kills in this place as a percentage of kills in entire the game.
 B = Kills by you in this place as a percentage of kills by you in the entire game.
 C = Kills by friends in this place as a percentage of kills by friends in the entire game.
 D = Other kills in this place as a percentage of other kills in the entire game.
 E = Experience gained in this place as a percentage of experience gained in the entire game.
 F = Experience gained in this place divided by the number of levels of this place that you have seen.
                   A       B       C       D       E      F
               +-------+-------+-------+-------+-------+----------------------
         Total | 100.0 | 100.0 |   N/A |   N/A | 100.0 |  17.5
       Dungeon | 100.0 | 100.0 |   N/A |   N/A | 100.0 |  17.5
               +-------+-------+-------+-------+-------+----------------------

Table legend: (Time is in decaauts)
 A = Elapsed time spent in this place.
 B = Non-inter-level travel time spent in this place.
 C = Inter-level travel time spent in this place.
 D = Time resting spent in this place.
 E = Time spent auto-exploring this place.
 F = Levels seen in this place.
 G = Mean time per level.
                   A        B        C        D        E       F      G
               +--------+--------+--------+--------+--------+-----+--------+
         Total |    661 |    644 |     17 |      0 |    559 |   2 |  330.5 |
       Dungeon |    661 |    644 |     17 |      0 |    559 |   2 |  330.5 |
               +--------+--------+--------+--------+--------+-----+--------+

Top non-repeatable levels by time:
     D:1: 651 daAuts
     D:2: 9 daAuts
